Map: Prion Terraces

Players

orphan - Winner!

  • Race: Zerg Zerg
  • League: Diamond

Gary

  • Race: Terran Terran
  • League: Diamond

VOD

Have the link to the VOD?

Description

Time

  • Played on: Nov. 29, 2015, 6:07 p.m.
  • Length: 12:29
Show
View Real Time Build Order
Export as new Build Order

orphan Zerg - Winner!

Build Orders: Hatch First 

Get SALT Encoding   

  12  0:01  Drone  
  13  0:13  Overlord  
  13  0:18  Drone  
  14  0:31  Drone  
  14  0:32  Drone  
  16  0:35  Drone  
  17  0:54  Hatchery  
  16  0:58  Extractor  
  15  1:10  Spawning Pool  
  14  1:13  Drone  
  14  1:16  Drone  
  16  1:20  Drone  
  16  1:25  Drone  
  18  1:36  Overlord  
  18  1:48  Drone  
  19  1:58  Queen  
  19  1:59  Zergling x2  
  22  2:05  Queen  
  22  2:07  Zergling x2  
  25  2:10  Zergling x2  
  26  2:17  Drone  
  26  2:20  Metabolic Boost  
  27  2:23  Drone  
  28  2:38  Drone  
  28  2:50  Drone  
  28  2:51  Drone x4  
  32  3:04  Overlord  
  32  3:10  Drone  
  33  3:15  Drone x2  
  34  3:30  Queen  
  34  3:31  Drone  
  34  3:32  Drone x3  
  40  3:40  Zergling x2  
  40  3:41  Zergling x2  
  42  3:44  Hatchery  
  41  3:49  Overlord  
  41  3:50  Overlord  
  41  3:56  Drone x3  
  41  3:58  Extractor x2  
  41  4:01  Roach Warren  
  41  4:15  Drone x3  
  44  4:17  Drone x2  
  44  4:19  Drone  
  47  4:31  Lair  
  47  4:32  Drone x2  
  47  4:33  Drone  
  50  4:44  Roach x2  
  50  4:45  Roach x3  
  60  4:52  Baneling Nest  
  59  4:55  Overlord x2  
  59  5:01  Drone  
  60  5:09  Spore Crawler  
  60  5:11  Spore Crawler  
  58  5:15  Ravager x4  
  58  5:18  Roach x6  
  58  5:20  Overlord  
  74  5:29  Zergling x4  
  74  5:33  Drone  
  74  5:34  Drone x4  
  81  5:39  Overlord x2  
  81  5:41  Drone x3  
  84  5:44  Drone  
  84  5:45  Drone  
  84  5:46  Baneling  
  84  5:47  Baneling  
  84  5:49  Centrifical Hooks  
  86  5:57  Drone x4  
  86  5:59  Extractor  
  89  6:05  Extractor x2  
  89  6:10  Drone x2  
  89  6:11  Drone  
  89  6:12  Drone x3  
  89  6:18  Drone x3  
  94  6:26  Zergling x14  
  94  6:27  Zergling x2  
  102  6:33  Overlord  
  102  6:37  Overlord  
  102  6:39  Overlord x2  
  100  6:51  Roach x3  
  91  7:03  Zergling x2  
  91  7:04  Zergling x8  
  96  7:10  Spire  
  96  7:14  Roach  
  96  7:15  Roach x8  
  111  7:22  Evolution Chamber  
  99  7:23  Evolution Chamber  
  82  7:40  Roach  
  82  7:41  Roach x11  
  97  7:50  Zergling x2  
  97  7:51  Zergling x10  
  83  8:10  Zergling x18  
  87  8:19  Zergling x2  
  85  8:20  Zergling x4  
  85  8:26  Spine Crawler  
  86  8:29  Queen  
  86  8:33  Zerg Missile Weapons Level 1, Zerg Ground Armor Level 1  
  88  8:35  Roach  
  88  8:36  Roach x8  
  88  8:38  Baneling  
  88  8:39  Baneling x11  
  88  8:40  Ravager x4  
  103  8:55  Corruptor  
  97  9:09  Zergling x6  
  104  9:10  Zergling x14  
  106  9:22  Zergling x10  
  104  9:27  Corruptor  
  104  9:32  Baneling  
  104  9:33  Baneling x3  
  104  9:44  Corruptor  
  104  9:45  Corruptor x2  
  110  9:56  Corruptor x2  
  114  10:05  Zergling x6  
  114  10:06  Zergling x8  
  121  10:12  Overlord x4  
  115  10:28  Zergling x14  
  108  10:41  Roach  
  108  10:42  Roach x9  
  124  10:53  Baneling x3  
  124  10:54  Baneling x15  
  124  10:55  Ravager x3  
  127  10:58  Zergling x10  
  132  11:10  Zergling x2  
  138  11:11  Zergling x14  
  138  11:13  Corruptor  
  131  11:35  Zergling x14  
  131  11:36  Zergling x2  
  133  11:46  Zergling x2  
  133  11:47  Zergling x12  
  135  11:56  Zergling x2  
  135  11:57  Zergling x4  
  135  12:14  Hatchery  
Show
View Real Time Build Order
Export as new Build Order

Gary Terran 

Build Orders: Bio Tank, MMM Bio 

Get SALT Encoding   

  12  0:01  SCV  
  13  0:13  SCV  
  14  0:17  Supply Depot  
  14  0:26  SCV  
  15  0:39  SCV  
  15  0:40  Barracks  
  16  0:46  Refinery  
  16  0:51  SCV  
  16  0:55  Supply Depot  
  17  1:04  SCV  
  18  1:16  SCV  
  19  1:28  SCV  
  19  1:30  Reaper  
  21  1:41  Orbital Command  
  21  1:55  Command Center  
  21  2:02  Marine  
  21  2:08  Bunker  
  22  2:12  SCV  
  23  2:20  Marine  
  24  2:24  SCV, Factory  
  25  2:36  SCV  
  26  3:03  SCV  
  26  3:04  Refinery  
  27  3:10  Starport  
  27  3:12  Factory Tech Lab  
  27  3:14  Barracks  
  27  3:15  SCV  
  27  3:16  Barracks  
  29  3:24  Orbital Command  
  28  3:27  SCV  
  28  3:29  Supply Depot  
  29  3:35  Siege Tank  
  29  3:40  SCV  
  33  3:49  Starport Reactor  
  33  3:52  SCV  
  33  3:54  Refinery x2  
  34  3:58  Supply Depot, Marine  
  35  4:07  Barracks Tech Lab x2  
  35  4:11  SCV  
  35  4:12  SCV  
  35  4:16  Marine  
  38  4:20  Supply Depot  
  38  4:23  SCV  
  38  4:24  SCV  
  40  4:26  Medivac  
  44  4:32  Medivac  
  44  4:33  Widow Mine  
  44  4:34  Marine x3  
  49  4:42  SCV x2  
  51  4:46  Stimpack  
  51  4:51  Marine  
  51  4:52  Marine  
  53  4:53  Combat Shields  
  53  4:56  Marine  
  53  4:57  SCV  
  53  4:58  SCV  
  56  5:09  SCV, Siege Tank, Marine  
  56  5:10  Marauder  
  56  5:14  Marine  
  64  5:16  SCV  
  64  5:21  SCV, Supply Depot  
  66  5:23  Supply Depot, Medivac  
  66  5:27  Marine  
  69  5:29  Supply Depot  
  69  5:30  SCV  
  70  5:42  Marine x2  
  70  5:43  Supply Depot  
  70  5:46  Marauder  
  70  5:48  SCV x2  
  76  6:00  Marine  
  77  6:11  Marine  
  77  6:12  Marauder  
  80  6:19  Marauder  
  82  6:29  Marine  
  83  6:33  Marauder  
  83  6:38  Supply Depot x2  
  85  6:40  Marauder  
  87  6:47  Marine  
  87  6:50  Command Center  
  86  6:54  Marine  
  81  7:01  Marauder  
  81  7:05  Marine  
  83  7:12  Marauder  
  78  7:23  Marauder, Siege Tank, Marine  
  79  7:34  Marauder  
  79  7:40  Marine, Medivac x2  
  79  7:44  Marine  
  77  7:54  Marine  
  77  7:55  Siege Tank  
  81  7:58  Marine  
  81  8:02  Barracks, Marauder  
  82  8:10  Medivac  
  78  8:13  Marauder  
  78  8:16  Marine  
  79  8:23  Marauder  
  79  8:25  Orbital Command  
  81  8:28  SCV x2  
  81  8:31  Concussive Shells  
  81  8:34  Marauder, Marine  
  83  8:37  Barracks  
  83  8:38  Barracks  
  83  8:40  SCV x2  
  88  8:45  Marauder  
  88  8:52  SCV, Marine  
  86  8:56  Marauder  
  86  8:59  Marine  
  89  9:06  Marauder  
  89  9:09  Marine  
  94  9:17  Marauder, Marine  
  83  9:27  Marauder, Marine  
  83  9:32  Barracks Tech Lab x2  
  83  9:34  Marine  
  83  9:36  Engineering Bay  
  86  9:38  Marauder  
  86  9:39  Engineering Bay  
  86  9:40  Armory  
  86  9:41  SCV x3  
  86  9:45  Marine  
  89  9:49  Marauder  
  89  9:51  Refinery, Barracks x2  
  89  9:52  Marine, Refinery, Marauder x2  
  96  9:53  SCV x3, Siege Tank  
  105  10:00  Marauder  
  105  10:03  Marine  
  105  10:05  SCV x2  
  108  10:10  Marauder, Marine  
  108  10:11  Terran Infantry Weapons Level 1, Terran Infantry Armor Level 1  
  108  10:13  Marine x2  
  113  10:21  Marauder, Marine  
  116  10:28  Marine  
  102  10:31  Marauder x2  
  102  10:32  Marauder  
  99  10:47  Marine  
  99  10:48  Marauder, Marine x3  
  98  10:52  Medivac x2  
  98  10:53  Siege Tank, Marauder x3  
  111  11:05  Marine  
  111  11:06  SCV x3, Marine  
  111  11:09  Barracks Reactor x2, Marauder  
  118  11:13  Marine  
  118  11:14  Marine x2  
  119  11:18  SCV x3  
  119  11:23  Marine x2  
  124  11:25  Thor  
  124  11:30  SCV  
  124  11:31  Marauder  
  124  11:32  Marauder x3  
  79  11:52  Marauder, Marine x5  
  79  11:53  Marauder  
  65  12:09  Marine  
  65  12:10  Marine x4  
Tags
 
Add a new tag
Caveats
  • Supply blocks, unpowered buildings, or Contaminate may cause inaccurate times.
  • Supply counts are checked every 10 seconds.